 Dungeon Crawl Stone Soup version 0.29-a0-872-g797fff5ad1 (webtiles) character file.

Game seed: 1348841806463960672

38 jimonade the Sneak (level 3, -2/22 HPs)
             Began as a Kobold Brigand on July 19, 2022.
             Slain by a gnoll
             ... wielding a +0 spear
              (7 damage)
             ... on level 2 of the Dungeon.
             The game lasted 00:01:36 (936 turns).

jimonade the Sneak (Kobold Brigand)                  Turns: 936, Time: 00:01:37

Health: -2/22      AC:  2    Str:  8    XL:     3   Next: 65%
Magic:  3/3        EV: 14    Int: 12    God:
Gold:   51         SH:  0    Dex: 18    Spells: 2/2 levels left

rFire   + . .      SeeInvis .   a - +2 dagger
rCold   + . .      Faith    .   (no shield)
rNeg    . . .      Spirit   .   g - +0 robe
rPois   .          Reflect  .   (no helmet)
rElec   .          Harm     .   k - scarf {rC+ rF+}
rCorr   .          Rampage  .   (no gloves)
Will    .....                   (no boots)
Stlth   +++++.....              (no amulet)
HPRegen 0.07/turn               (no ring)
MPRegen 0.08/turn               (no ring)

@: no status effects
A: small, no large weapons, nightstalker 3
a: no special abilities


You were on level 2 of the Dungeon.
You visited 1 branch of the dungeon, and saw 2 of its levels.

You collected 51 gold pieces.

Inventory:

Hand Weapons
 a - a +2 dagger (weapon)
 b - a +0 sling
Missiles
 d - 9 poisoned darts (quivered)
 e - 3 curare-tipped darts
 o - 2 stones
Armour
 c - a +0 cloak
 g - a +0 robe (worn)
 k - a scarf of resistance (worn)
Scrolls
 h - a scroll of silence {unknown}
 i - 2 scrolls of identify {unknown}
 j - a scroll of poison {unknown}
 m - a scroll of teleportation {unknown}
 n - a scroll of immolation {unknown}
Potions
 f - a potion of attraction {unknown}
 l - a potion of haste {unknown}


   Skills:
 + Level 2.4 Fighting
 + Level 2.9 Short Blades
 - Level 2.1 Throwing
 + Level 1.2 Dodging
 * Level 6.8 Stealth


You had 2 spell levels left.
You didn't know any spells.
Your spell library was empty.

Dungeon Overview and Level Annotations

Branches:
Dungeon (2/15)

Altars:


Innate Abilities, Weirdness & Mutations

You are small and have problems with some larger weapons.
You are completely attuned to the shadows.


Message History

Found a scroll labelled ZUDAFE EMPOYSS.
You see here a worm corpse.
You hit the rat.
You kill the rat!
No target in view!
A gnoll comes into view. It is wielding a +0 spear.
The gnoll shouts!
You hear a shout! x2
You see here a worm corpse.
There is a stone staircase leading down here.
The gnoll hits you from afar with a +0 spear.
The gnoll closely misses you.
You closely miss the gnoll. The gnoll hits you with a +0 spear.
You hit the gnoll.
The gnoll is lightly wounded.
The gnoll misses you.
You hit the gnoll.
The gnoll is lightly wounded.
The gnoll hits you with a +0 spear.
You are too injured to fight recklessly!
You are too injured to fight recklessly!
You are too injured to fight recklessly!
You hit the gnoll.
The gnoll is moderately wounded.
The gnoll hits you with a +0 spear.
You hit the gnoll but do no damage.
The gnoll is moderately wounded.
You barely miss the gnoll.
The gnoll is moderately wounded.
The gnoll completely misses you.
You hit the gnoll.
The gnoll is heavily wounded.
The gnoll hits you with a +0 spear.
* * * LOW HITPOINT WARNING * * *
You hit the gnoll.
The gnoll is severely wounded.
The gnoll closely misses you.
You hit the gnoll.
The gnoll is almost dead.
The gnoll hits you with a +0 spear!
You die...

....#####.##.##.#
.... #.........#
#.#......##
#.#.##.#†# #
#....#.# #
#..#.#.#
#.#......#
#...g..###
####@###
..#####.#
....<...#
.########


You could see a gnoll.

Vanquished Creatures
  A worm (D:2)
  A dart slug (D:1)
  2 endoplasms (D:1)
  A giant cockroach (D:1)
  2 goblins (D:1)
  3 hobgoblins (D:1)
  A quokka (D:1)
  4 ball pythons (D:1)
  10 bats (D:1)
  A frilled lizard (D:2)
  A kobold (D:1)
  5 rats
32 creatures vanquished.

Notes
Turn   | Place    | Note
-------+----------+-------------------------------------------
     0 | D:1      | jimonade the Kobold Brigand began the quest for the Orb.
     0 | D:1      | Reached XP level 1. HP: 12/12 MP: 1/1
   180 | D:1      | Reached XP level 2. HP: 17/17 MP: 2/2
   194 | D:1      | Reached skill level 6 in Stealth
   331 | D:1      | Reached XP level 3. HP: 19/21 MP: 3/3
   936 | D:2      | Slain by a gnoll

Illustrated notes

Levels and vault maps discovered:
D:1:      minmay_arrival_plants_in_alcoves, layout_basic, minmay_split_cup_small
D:2:      layout_loops_cross, hellmonk_ecumenical_altar_pennies_from_heaven,
          minmay_lizard_king, uniq_terence

Skill      XL: |  1  2 |
---------------+-------+-----
Stealth        | 6 |  6.8
Fighting       | |  2.4
Short Blades   | |  2.9
Throwing       | |  2.1
Dodging        | |  1.2

Action                   || total
-------------------------++-------
Melee: Dagger            ||    84
 Stab: Sleeping          ||    14
Armor: Robe              ||    14
Dodge: Dodged            ||    47

Table legend: (Time is in decaauts)
 A = Elapsed time spent in this place.
 B = Non-inter-level travel time spent in this place.
 C = Inter-level travel time spent in this place.
 D = Time resting spent in this place.
 E = Time spent auto-exploring this place.
 F = Levels seen in this place.
 G = Mean time per level.
                   A        B        C        D        E       F      G
               +--------+--------+--------+--------+--------+-----+--------+
         Total |    924 |    869 |     55 |      0 |    648 |   2 |  462.0 |
       Dungeon |    924 |    869 |     55 |      0 |    648 |   2 |  462.0 |
               +--------+--------+--------+--------+--------+-----+--------+

Top non-repeatable levels by time:
     D:1: 842 daAuts
     D:2: 82 daAuts
